 Dungeon Crawl Stone Soup version 0.26.1-11-gd32895ea62 (webtiles) character file.

Game seed: 17048758909736355514

88 tizbic2 the Slasher (level 4, -2/23 HPs)
             Began as a Vine Stalker Gladiator on July 1, 2021.
             Slain by a troll (11 damage)
             ... on level 4 of the Dungeon.
             The game lasted 00:09:16 (1279 turns).

tizbic2 the Slasher (Vine Stalker Gladiator)        Turns: 1279, Time: 00:09:16

Health: -2/23      AC:  4    Str: 17    XL:     4   Next: 54%
Magic:  0/5        EV: 13    Int:  8    God:
Gold:   58         SH:  0    Dex: 16    Spells: 3/3 levels left

rFire    . . .     SeeInvis .   a - +0 long sword
rCold    . . .     Faith    .   (no shield)
rNeg     . . .     Spirit   +   b - +0 leather armour
rPois    .         Reflect  .   c - +0 helmet
rElec    .         Harm     .   (no cloak)
rCorr    .         Rampage  .   (no gloves)
Will     .....                  (no boots)
Stlth    +.........             (no amulet)
HPRegen  0.47/turn              (no ring)
MPRegen  0.09/turn              (no ring)

@: no status effects
A: fangs 2, regeneration 1, magic shield, antimagic bite, no potion heal 3
a: no special abilities


You were on level 4 of the Dungeon.
You visited 1 branch of the dungeon, and saw 6 of its levels.

You collected 58 gold pieces.

Inventory:

Hand Weapons
 a - a +0 long sword (weapon)
Missiles
 d - 3 throwing nets
 e - 7 silver javelins
 f - 73 stones (quivered)
 o - 6 curare-tipped darts
Armour
 b - a +0 leather armour (worn)
 c - a +0 helmet (worn)
 t - a +0 pair of boots
Scrolls
 g - a scroll of random uselessness {unknown}
 m - a scroll of fog {unknown}
 p - a scroll of remove curse {unknown}
 u - a scroll of teleportation {unknown}
 v - a scroll of identify {unknown}
 w - 2 scrolls of noise {unknown}
Potions
 h - a potion of lignification {unknown}
 i - a potion of invisibility {unknown}
 k - 3 potions of ambrosia {unknown}
 l - 2 potions of heal wounds {unknown}
 n - 3 potions of curing {unknown}
 q - a potion of haste {unknown}
 r - a potion of might {unknown}
 s - a potion of degeneration {unknown}


   Skills:
 + Level 2.0 Fighting
 * Level 3.7 Long Blades
 - Level 2.0 Throwing
 * Level 3.2 Dodging


You had 3 spell levels left.
You didn't know any spells.
Your spell library was empty.

Dungeon Overview and Level Annotations

Branches:
Dungeon (6/15)
 Temple: D:4-7

Altars:
Nemelex Xobeh
Uskayaw
The Shining One


Innate Abilities, Weirdness & Mutations

You have extremely sharp teeth.
Your natural rate of healing is unusually fast.
When hurt, damage is shared between your health and your magic reserves.
Your bite disrupts and absorbs the magic of your enemies.
Potions cannot restore your health.


Message History

You bite the troll, but do no damage.
The troll is moderately wounded.
The troll claws you! The troll closely misses you.
The troll closely misses you. The troll claws you. The troll claws you!
The troll misses you. The troll closely misses you. The troll claws you.
The troll barely misses you. The troll closely misses you. x2
Found a scroll labelled SAC ATUIRY and 26 stones.
Found a stone staircase leading up.
The troll bites you. The troll claws you. The troll closely misses you.
There is a stone staircase leading up here.
The troll bites you but does no damage. The troll barely misses you.
The troll misses you.
You climb upwards.
Found a scroll labelled ZAWYPA CUNABYCA.
There is a stone staircase leading down here.
The troll barely misses you.
You riposte.
You slash the troll! Your bite misses the troll.
The troll is moderately wounded.
The troll barely misses you. The troll claws you!
You die...

# ###.##
#.....#
#...###
#..@>#
#....#T..#
#......##...#
#...?...
##...#
#..^.... #..
........ #
........
........


You could see a troll.

Vanquished Creatures
  An iguana (D:5)
  3 adders (D:2)
  2 worms
  A dart slug (D:1)
  A leopard gecko (D:1)
  3 bats
  2 goblins (D:2)
  A hobgoblin (D:2)
  5 jackals
  A frilled lizard (D:1)
  5 kobolds
  4 rats
29 creatures vanquished.

Notes
Turn   | Place    | Note
-------+----------+-------------------------------------------
     0 | D:1      | tizbic2 the Vine Stalker Gladiator began the quest for the
                  | Orb.
     0 | D:1      | Reached XP level 1. HP: 11/11 MP: 2/2
   537 | D:1      | Reached XP level 2. HP: 15/15 MP: 1/3
   555 | D:2      | Found a hide-covered altar of Uskayaw.
   741 | D:2      | Reached XP level 3. HP: 18/18 MP: 4/4
  1124 | D:3      | You fall into a shaft and drop 2 floors!
  1124 | D:5      | Entered Level 5 of the Dungeon
  1136 | D:5      | Gained mutation: Your natural rate of healing is unusually
                  | fast. [Vine Stalker growth]
  1136 | D:5      | Reached XP level 4. HP: 22/23 MP: 5/5
  1194 | D:5      | Noticed a centaur
  1206 | D:5      | Found a glowing golden altar of the Shining One.
  1209 | D:6      | Noticed a troll
  1246 | D:5      | Found a sparkling altar of Nemelex Xobeh.
  1279 | D:4      | Slain by a troll

Illustrated notes

Levels and vault maps discovered:
D:1:      tarquinn_simple_flora_water_a, layout_basic, serial_corexii_hall,
          corexii_hall_statues_s, corexii_hall_statues_t,
          corexii_hall_statues_i, solitary_fountain
D:2:      layout_basic, eat_drink_and_be_merry_uskayaw
D:3:      minmay_octagon_keep, layout_rooms, lemuel_crystal_altar,
          chequers_ecumenical_altar_grove, grunt_dithmenos_smoke_and_mirrors
D:4:      layout_cave_pods, serial_shops,
          nicolae_shop_temple_entry_statues_fountains, nrook_uturn
D:5:      layout_layer_cave, makhleb_altar_promises_db, old_standard_altar,
          old_standard_altar, lemuel_round_altar, serial_shops,
          nicolae_shop_crystal, minmay_misc_feat_roman, uniq_eustachio,
          uniq_menkaure
D:6:      layout_loops_ring, minmay_temple_entry_purple_smoke,
          trog_eyes_of_draining

Skill      XL: |  1  2  3  4 |
---------------+-------------+-----
Long Blades    | 3 |  3.7
Dodging        | 3 |  3.2
Throwing       | 2 |  2.0
Fighting       | 2 |  2.0

Action                   |  1- 3 |  4- 6 || total
-------------------------+-------+-------++-------
Melee: Long sword        |    41 |    12 ||    53
       Bite              |    14 |     9 ||    23
Throw: Stone             |    48 |     2 ||    50
       Javelin           |     1 |       ||     1
       Dart              |     4 |     1 ||     5
  Use: Scroll            |       |     1 ||     1
Armor: Leather armour    |    16 |    13 ||    29
Dodge: Dodged            |    32 |    40 ||    72
       Rpst.: Long sword |    10 |    10 ||    20
